 Dungeon Crawl Stone Soup version 0.17-a0-1564-g7b572aa (webtiles) character file.

172 patman the Stinger (level 5, -1/31 HPs)
             Began as an Octopode Venom Mage on July 20, 2015.
             Was an Initiate of Ru.
             Slain by an orc warrior
             ... wielding a cursed -2 short sword
              (16 damage)
             ... on level 3 of the Dungeon on July 21, 2015.
             The game lasted 00:08:39 (2492 turns).

patman the Stinger (Octopode Venom Mage)            Turns: 2492, Time: 00:08:39

Health: -1/31      AC:  1    Str:  8    XL:     5   Next: 53%
Magic:  7/8        EV: 12    Int: 18    God:    Ru [......]
Gold:   129        SH:  0    Dex: 12    Spells: 2 memorised, 4 levels left

rFire  . . .     SeeInvis .     q - +0 dagger (curse)
rCold  . . .     Clarity  .     (no shield)
rNeg   . . .     SustAt   .     (helmet restricted)
rPois  .         Gourm    .     (no amulet)
rElec  .         Spirit   .     (no ring)
rCorr  .         Warding  .     (no ring)
rMut   .         Stasis   .     (no ring)
MR     .....                    (no ring)
Stlth  +++.......               (no ring)
                                (no ring)
                                (no ring)
                                (no ring)

@: not resistant to hostile enchantments, fairly stealthy
A: almost no armour, amphibious, 8 rings, constrict 8, camouflage 1, mutation
resistance 1, gelatinous body 1
a: Sacrifice an Eye, Sacrifice Nimbleness, Sacrifice Artifice, Reject
Sacrifices, Renounce Religion


You were on level 3 of the Dungeon.
You worshipped Ru.
Ru was noncommittal.
You were hungry.

You visited 1 branch of the dungeon, and saw 3 of its levels.

You collected 129 gold pieces.

Inventory:

Hand weapons
 f - a +0 short sword
 q - a cursed +0 dagger (weapon)
 v - a +0 spear of piercing
Magical devices
 t - a wand of teleportation (2)
Scrolls
 d - 2 scrolls of teleportation
 g - a scroll of blinking {unknown}
 h - a scroll of remove curse {unknown}
 k - a scroll of enchant weapon {unknown}
 l - a scroll of magic mapping {unknown}
 n - a scroll of amnesia
 u - 2 scrolls of immolation
Potions
 e - 2 potions of invisibility
 i - 2 potions of brilliance
 j - a potion of agility
 m - a potion of cancellation {unknown}
 o - a potion of ambrosia {unknown}
 r - a potion of heal wounds {unknown}
 s - 2 potions of flight {unknown}
Books
 a - a Young Poisoner's Handbook

   Spells                             Type                      Level
   a - Sting                          Conjuration/Poison           1
   b - Cure Poison                    Poison                       2
   c - Mephitic Cloud                 Conjuration/Poison/Air       3
   d - Olgreb's Toxic Radiance        Poison                       4
   e - Venom Bolt                     Conjuration/Poison           5
Comestibles
 b - a bread ration
 c - a meat ration


   Skills:
 - Level 2.0 Dodging
 - Level 2.6 Stealth
 - Level 2.0 Spellcasting
 * Level 3.2 Conjurations
 + Level 6.7 Poison Magic


You had 4 spell levels left.
You knew the following spells:

 Your Spells              Type           Power        Failure   Level  Hunger
a - Sting                 Conj/Pois      ###.         2%          1    #......
c - Mephitic Cloud        Conj/Pois/Air  ##......     17%         3    ###....


Dungeon Overview and Level Annotations

Branches:
Dungeon (3/15)

Altars:
Dithmenos
Ru
Yredelemnul


Innate Abilities, Weirdness & Mutations

You cannot wear most types of armour.
You are amphibious.
You can wear up to eight rings at the same time.
You can use your tentacles to constrict eight enemies at once.
Your skin changes colour to match your surroundings (Stealth).
Your rubbery body absorbs attacks (AC +1).
You are somewhat resistant to further mutation.


Message History

The orc wizard casts a spell.
The orc wizard flickers and vanishes!
Deactivating autopickup; reactivate with Ctrl-A.
You hit the orc warrior but do no damage.
You grab the orc warrior.
You constrict the orc warrior, but do no damage.
The orc warrior hits you with an enchanted short sword!
Casting: Sting
Confirm with . or Enter, or press ? or * to list all spells.
Aiming: Sting
Press: ? - help, Shift-Dir - straight line, f - orc warrior
Aim: an orc warrior, wielding an enchanted short sword and wearing a plate armour (constricted by you)
The sting hits the orc warrior.
The orc warrior appears unharmed.
You constrict the orc warrior, but do no damage.
The orc warrior hits you with an enchanted short sword.
You hit the orc warrior but do no damage.
You constrict the orc warrior, but do no damage.
The orc warrior hits you with an enchanted short sword!
Ouch! That really hurt!
You die...

##############
.....{o@.....###########
....########............
# .........<........#
####.PP.#.......†).
##.)PP.............
#......)...........
##...P.P#.......... ####
##<#.###..........
#).### #.#.###..........


You could see an orc warrior.

Vanquished Creatures
  An orc wizard (D:3)
  Jessica (D:3)
  4 gnolls (D:2)
  2 adders (D:3)
  A worm (D:3)
  3 giant geckos
  5 orcs (D:3)
  5 bats
  3 giant cockroaches
  7 goblins
  3 hobgoblins
  3 jackals (D:1)
  A quokka (D:3)
  A giant gecko zombie (D:3)
  2 giant newts (D:3)
  10 kobolds
  6 rats
58 creatures vanquished.

Notes
Turn   | Place    | Note
--------------------------------------------------------------
     0 | D:1      | patman the Octopode Venom Mage began the quest for the Orb.
     0 | D:1      | Reached XP level 1. HP: 11/11 MP: 3/3
   166 | D:1      | Reached skill level 5 in Poison Magic
   378 | D:1      | Reached XP level 2. HP: 17/17 MP: 3/5
  1042 | D:2      | Found a faded altar to an unknown god.
  1047 | D:2      | Became a worshipper of Ru the Awakened
  1062 | D:2      | Reached XP level 3. HP: 21/21 MP: 3/6
  1075 | D:2      | Gained mutation: You are somewhat resistant to further mutation. [potion of beneficial mutation]
  1160 | D:2      | Reached skill level 6 in Poison Magic
  1303 | D:2      | Reached skill level 1 in Conjurations
  1303 | D:2      | Reached XP level 4. HP: 23/27 MP: 2/7
  1724 | D:2      | Found a basalt altar of Yredelemnul.
  1724 | D:2      | Found a shadowy altar of Dithmenos.
  2031 | D:3      | Learned a level 3 spell: Mephitic Cloud
  2156 | D:3      | Noticed Jessica
  2160 | D:3      | Killed Jessica
  2160 | D:3      | Reached XP level 5. HP: 28/31 MP: 5/8
  2189 | D:3      | Upgraded the game from 0.17-a0-1562-g9b2c768 to 0.17-a0-1564-g7b572aa
  2486 | D:3      | Noticed an orc warrior
  2492 | D:3      | Slain by an orc warrior

Vault maps used:
D:1:      dpeg_cavernosity
D:2:      gammafunk_temple_overflow_wave, ecumenical_altar_1
D:3:      serial_undead, serial_undead_b, serial_undead_b, serial_undead_b,
          serial_undead_b, patterned_corridor, uniq_jessica

Action                   |  1- 3 |  4- 6 || total
-------------------------+-------+-------++-------
Melee: Unarmed           |    12 |       ||    12
       Short sword       |    22 |     2 ||    24
       Dagger            |       |    33 ||    33
 Cast: Sting             |    30 |    34 ||    64
  Use: Scroll            |     4 |     3 ||     7
       Potion            |     1 |       ||     1
 Stab: Sleeping          |     2 |     8 ||    10
  Eat: Chunk             |     1 |     4 ||     5
